[Event "Early-Titled-Tuesday-Blitz-October-24-2023"]
[Site "Chess.com"]
[Date "2023.10.24"]
[Round "2"]
[White "THE_PLAYER6"]
[Black "Iball95"]
[Result "0-1"]
[WhiteElo "2560"]
[BlackElo "2826"]
[TimeControl "180+1"]
[EndTime "8:16:42 PDT"]
[Termination "Iball95 won by checkmate"]

1. Nf3 d5 2. g3 Nf6 3. Bg2 c5 4. O-O Nc6 5. d4 e6 6. c4 Be7 7. Nc3 O-O 8. Bg5 dxc4 9. dxc5 Bxc5 10. Qa4 h6 11. Qxc4 Be7 12. Rfd1 Qb6 13. Be3 Qxb2 14. Rab1 Qa3 15. Nd4 Ne5 16. Qb3 Qxb3 17. Rxb3 Nc4 18. Bc1 Rb8 19. Nc6 bxc6 20. Rxb8 Nd5 21. Nxd5 cxd5 22. e4 dxe4 23. Bxe4 f5 24. Bb7 Bxb7 25. Rxb7 Bf6 26. Rxa7 Rc8 27. a4 e5 28. a5 Kh7 29. a6 Rc6 30. Ra8 e4 31. a7 Ra6 32.
Be3 Nxe3 33. fxe3 Bg5 34. Re1 Ra3 35. h4 Bf6 36. Rd1 Be7 37. Rc1 Bd6 38. Kg2 Ra2+ 39. Kh3 g5 40. hxg5 hxg5 41. Rd1 g4+ 42. Kh4 Be7+ 43. Kh5 Rh2# 0-1

[Event "Early-Titled-Tuesday-Blitz-October-24-2023"]
[Site "Chess.com"]
[Date "2023.10.24"]
[Round "2"]
[White "DonJuanEGenaro"]
[Black "SargissyanSargis"]
[Result "0-1"]
[WhiteElo "1785"]
[BlackElo "2411"]
[TimeControl "180+1"]
[EndTime "8:16:42 PDT"]
[Termination "SargissyanSargis won by resignation"]

1. Nf3 Nf6 2. d4 g6 3. Bf4 Bg7 4. e3 O-O 5. Be2 d6 6. O-O Nc6 7. h3 e5 8. dxe5 dxe5 9. Nxe5 Nd5 10. Nxc6 bxc6 11. c3 Nxf4 12. exf4 Qf6 13. Bf3 Rb8 14. Qc1 Bh6 15. g3 Bxh3 16. Re1 g5 17. Kh2 gxf4 18.
Kxh3 fxg3 19. Qd1 Rbd8 20. Qe2 Rde8 21. Qxe8 Rxe8 22. Rxe8+ Kg7 23. Kg2 gxf2 24. Kxf2 Qh4+ 25. Ke2 Qh2+ 26. Kd3 Qxb2 27. Re2 Qxa1 28. Rg2+ Kf8 29.
Na3 Qf1+ 30. Ke4 f5+ 31. Ke5 Qxf3 0-1

[Event "Early-Titled-Tuesday-Blitz-October-24-2023"]
[Site "Chess.com"]
[Date "2023.10.24"]
[Round "2"]
[White "Sadykov_Ramil"]
[Black "Estrategia_vs_Tactica"]
[Result "0-1"]
[WhiteElo "2643"]
[BlackElo "2276"]
[TimeControl "180+1"]
[EndTime "8:16:43 PDT"]
[Termination "Estrategia_vs_Tactica won by checkmate"]

1. Nf3 Nf6 2. c4 g6 3. Nc3 Bg7 4. e4 d6 5. d4 O-O 6. Be2 e5 7. O-O Nc6 8. d5 Ne7 9. b4 a5 10. bxa5 Rxa5 11. a4 b6 12. Ba3 Ra8 13. Bb4 Ne8 14.
Nd2 f5 15. exf5 gxf5 16. f3 Kh8 17. Qb1 Bh6 18. Nb3 Ng6 19. a5 bxa5 20. Nxa5 Qh4 21. g3 Qh3 22. Nd1 Nf4 23. Rf2 Rg8 24. Bf1 Qh5 25. Bg2 Nxg2 26. Kxg2 f4 27. g4 Bxg4 28. fxg4 Qxg4+ 29. Kf1 f3 30. Ke1 Rb8 31. Nc6 Qxc4 32.
Qc2 Rg1+ 33. Rf1 Rxf1# 0-1

[Event "Early-Titled-Tuesday-Blitz-October-24-2023"]
[Site "Chess.com"]
[Date "2023.10.24"]
[Round "2"]
[White "esrosenberg"]
[Black "Fonsofan"]
[Result "0-1"]
[WhiteElo "2449"]
[BlackElo "2730"]
[TimeControl "180+1"]
[EndTime "8:16:44 PDT"]
[Termination "Fonsofan won by resignation"]

1. d4 d6 2. e4 Nf6 3. Nc3 e5 4. dxe5 dxe5 5. Qxd8+ Kxd8 6. Bc4 Be6 7. Bxe6 fxe6 8. f3 Nbd7 9. Nge2 a6 10. Be3 Bd6 11.
O-O-O Ke7 12. Kb1 b5 13. Nc1 Nb8 14. Nb3 Nc6 15. Rd2 Nd7 16. Rhd1 h6 17. h4 Rhd8 18.
h5 Bb4 19. Bf2 Nf6 20. g4 Rxd2 21. Rxd2 Bxc3 22. bxc3 Nd7 23. Bh4+ Ke8 24. Bf2 a5 25. Nc5 Nxc5 26. Bxc5 a4 27. Kc1 Na5 28. Kd1 Nc4 29.
Rf2 Rd8+ 30. Kc1 Kf7 31. f4 exf4 32. Rxf4+ Kg8 33. Be7 Rd7 34. Rf8+ Kh7 35. Bc5 g6 36. a3 gxh5 37. gxh5 Kg7 38. Re8 Kf6 39. Rg8 Rg7 40. Rxg7 Kxg7 41. Kd1 Kf6 42. Ke2 Kg5 43. Kf3 e5 44.
Kg3 Kxh5 45. Be7 Kg6 0-1

[Event "Early-Titled-Tuesday-Blitz-October-24-2023"]
[Site "Chess.com"]
[Date "2023.10.24"]
[Round "2"]
[White "rocket10jan"]
[Black "GianmarcoVaR"]
[Result "0-1"]
[WhiteElo "2382"]
[BlackElo "2737"]
[TimeControl "180+1"]
[EndTime "8:16:44 PDT"]
[Termination "GianmarcoVaR won by resignation"]

1. e4 c5 2. Nf3 d6 3. d4 cxd4 4. Nxd4 Nf6 5. Nc3 a6 6. Bg5 Nbd7 7. f4 Qc7 8. Qe2 e6 9. O-O-O h6 10. Bh4 Be7 11. g4 Nxe4 12. Nxe4 Bxh4 13. Nxe6 fxe6 14. Nxd6+ Kf8 15. Qxe6 Nf6 16. Qe5 Bxg4 17. Be2 Bxe2 18. Qxe2 Rd8 19. Qe6 g6 20. Rhe1 Rh7 21. Nxb7 Re8 22.
Qd6+ Qxd6 23. Rxe8+ Nxe8 24. Nxd6 Rd7 25. Nxe8 Rxd1+ 26. Kxd1 Kxe8 27. Ke2 Kd7 28. Kf3 Ke6 29. Ke4 Bf6 30. b3 a5 31. c4 Be7 32. Kd4 Kf5 33.
c5 Kxf4 34. c6 Bd8 35. Kd5 g5 36. Kd6 g4 37. c7 Bxc7+ 38. Kxc7 h5 39. a3 h4 40. b4 g3 41. hxg3+ hxg3 42. bxa5 g2 43. a6 g1=Q 44. Kb8 Qb6+ 0-1

[Event "Early-Titled-Tuesday-Blitz-October-24-2023"]
[Site "Chess.com"]
[Date "2023.10.24"]
[Round "2"]
[White "Treasurechess777"]
[Black "HATilay"]
[Result "0-1"]
[WhiteElo "2321"]
[BlackElo "2553"]
[TimeControl "180+1"]
[EndTime "8:16:44 PDT"]
[Termination "HATilay won by checkmate"]

1. Nf3 Nf6 2. b3 g6 3. Bb2 Bg7 4. c4 O-O 5. Qc2 b6 6. d3 Bb7 7. Nbd2 d5 8. e3 c5 9. cxd5 Qxd5 10. Be2 Nc6 11. a3 Rad8 12. O-O e5 13. Rac1 Rfe8 14. Rfd1 Ba6 15. Nc4 e4 16. dxe4 Qxe4 17. Bd3 Qe7 18.
Qb1 Ng4 19. h3 Bxb2 20. Qxb2 Bxc4 21. Bxc4 Nge5 22. Be2 Qf6 23. Qc2 Kg7 24. Nd2 h5 25.
Ne4 Qf5 26. f3 Rxd1+ 27. Rxd1 Rd8 28. Rxd8 Nxd8 29. Qc3 f6 30. Qd2 Ndf7 31. Bd1 h4 32.
Bc2 Qe6 33. Kf2 Nh6 34. f4 Nc6 35. Qc3 Nf5 36. Bd3 Nce7 37. Ng5 Qxe3+ 38. Kf1 Ng3# 0-1

[Event "Early-Titled-Tuesday-Blitz-October-24-2023"]
[Site "Chess.com"]
[Date "2023.10.24"]
[Round "2"]
[White "Noki102"]
[Black "Alexei_Gubajdullin"]
[Result "1-0"]
[WhiteElo "2409"]
[BlackElo "2733"]
[TimeControl "180+1"]
[EndTime "8:16:46 PDT"]
[Termination "Noki102 won by resignation"]

1. d4 Nf6 2. Nc3 g6 3. e4 d6 4.
f4 Bg7 5. Nf3 O-O 6. e5 Nfd7 7.
Bc4 Nb6 8. Bb3 a5 9. a4 Nc6 10. O-O dxe5 11. fxe5 Bg4 12. Be3 e6 13. Ne4 Nd5 14.
Bxd5 Qxd5 15. Nf6+ Bxf6 16. exf6 Rad8 17. c3 e5 18. dxe5 Qe4 19. Qe1 Bxf3 20. Rxf3 Nxe5 21. Rf4 Qd3 22. Bd4 Nc6 23. Rd1 Rde8 24. Rxd3 Rxe1+ 25.
Kf2 Rb1 26. Rd2 Re8 27. Bc5 g5 28. Rg4 h5 29. Rxg5+ Kh7 30. Be3 Ne5 31. Rxh5+ Kg6 32.
Rh6+ Kf5 33. h3 Rxb2 34. g4+ Ke6 35. Rxb2 Nd3+ 36. Kf3 Nxb2 37. Bd4 Nxa4 38. Rh5 c5 39. Bxc5 Kxf6 40. Bd4+ Kg6 41. Rxa5 Nb2 42. Rb5 Nc4 43.
Rxb7 Nd2+ 44. Kg3 Re1 45. Rb6+ Kh7 46. h4 Ne4+ 47. Kf4 Nd2 48. g5 Rf1+ 49. Kg3 Ne4+ 50.
Kg2 Rf4 51. Rh6+ 1-0

[Event "Early-Titled-Tuesday-Blitz-October-24-2023"]
[Site "Chess.com"]
[Date "2023.10.24"]
[Round "2"]
[White "ExchangeAB"]
[Black "Ranindu2003"]
[Result "0-1"]
[WhiteElo "2545"]
[BlackElo "2812"]
[TimeControl "180+1"]
[EndTime "8:16:47 PDT"]
[Termination "Ranindu2003 won by resignation"]

1. d4 d5 2. Nc3 e6 3. Bf4 a6 4.
e3 Nf6 5. Nf3 b5 6. Ne5 Bb7 7. Bd3 c5 8. dxc5 Bxc5 9. O-O O-O 10. Ng4 Nbd7 11. Nxf6+ Nxf6 12. Qe2 b4 13. Na4 Ba7 14.
b3 h6 15. h3 Qe7 16. Be5 Nd7 17. Bb2 e5 18. e4 Rfe8 19. exd5 Bxd5 20. Be4 Bxe4 21.
Qxe4 Nf6 22. Qe2 Nd5 23. c4 Nf4 24. Qe4 Rad8 25. Rad1 Qg5 26. Rxd8 Rxd8 27. Kh2 f5 28. Qb7 Bb8 29. g3 Nd3 30. Ba1 e4 31. Nb2 Nxf2 32.
Rg1 Ng4+ 33. hxg4 Rd2+ 34. Rg2 Bxg3+ 35. Kxg3 Qxg4+ 0-1

[Event "Early-Titled-Tuesday-Blitz-October-24-2023"]
[Site "Chess.com"]
[Date "2023.10.24"]
[Round "2"]
[White "sari07"]
[Black "Fan_Of_Chucky"]
[Result "0-1"]
[WhiteElo "2259"]
[BlackElo "2507"]
[TimeControl "180+1"]
[EndTime "8:16:47 PDT"]
[Termination "Fan_Of_Chucky won on time"]

1. Nf3 c5 2. g3 Nf6 3. Bg2 d5 4.
O-O Nc6 5. c4 e5 6. cxd5 Nxd5 7.
Nc3 Nc7 8. a3 Be7 9. b4 cxb4 10. axb4 Bxb4 11. Bb2 O-O 12. Ne4 f6 13. Qa4 Be6 14. Rfc1 a5 15. Nc5 Bxc5 16. Rxc5 Qd7 17.
Rac1 Kh8 18. Qh4 Bd5 19. Bh3 Qf7 20. d3 Bxf3 21. exf3 Rfd8 22. Bf5 g6 23. Be4 Ne6 24. Rxc6 bxc6 25. Rxc6 Rac8 26. Rxc8 Rxc8 27. f4 Rb8 28. Bc3 exf4 29. Bxf6+ Kg8 30. Bd5 a4 31. Be5 Rb1+ 0-1

[Event "Early-Titled-Tuesday-Blitz-October-24-2023"]
[Site "Chess.com"]
[Date "2023.10.24"]
[Round "2"]
[White "HajiyevKanan"]
[Black "WhiteKnight2612"]
[Result "0-1"]
[WhiteElo "2558"]
[BlackElo "2821"]
[TimeControl "180+1"]
[EndTime "8:16:48 PDT"]
[Termination "WhiteKnight2612 won on time"]

1. d4 e6 2. Nf3 d5 3. c4 c5 4. cxd5 exd5 5. Nc3 Nc6 6. g3 Nf6 7. Bg2 c4 8. O-O Bb4 9. Bg5 Bxc3 10. bxc3 O-O 11. e4 dxe4 12. Nd2 h6 13. Bxf6 Qxf6 14. Nxe4 Qg6 15. Re1 Bf5 16. Qa4 Rac8 17. Nc5 b6 18. Ne4 Na5 19. h3 Rfd8 20. Re3 Bd7 21. Qc2 Bc6 22.
Rae1 Re8 23. Qe2 Red8 24. Kh2 Rf8 25. Qg4 Qxg4 26. hxg4 Rfd8 27. f4 Bd5 28. g5 hxg5 29. Nxg5 Bxg2 30. Kxg2 f6 31. Ne4 Nc6 32. a4 Rd7 33. g4 Kf7 34. f5 Ne7 35. Kf3 Nd5 36. R3e2 Rh8 37. Kg3 a6 38. Rc1 b5 39. axb5 axb5 40. Nc5 Ra7 41. Rec2 Ra3 42. Ne4 Ke7 43. Nc5 b4 44. Kf3 Rxc3+ 45. Rxc3 Rh3+ 46. Kg2 Rxc3 47. Rxc3 Nxc3 48. Kf3 b3 0-1

[Event "Early-Titled-Tuesday-Blitz-October-24-2023"]
[Site "Chess.com"]
[Date "2023.10.24"]
[Round "2"]
[White "FGHSMN"]
[Black "vladgoncharov"]
[Result "1-0"]
[WhiteElo "2904"]
[BlackElo "2582"]
[TimeControl "180+1"]
[EndTime "8:16:49 PDT"]
[Termination "FGHSMN won by resignation"]

1. c4 Nf6 2. Nc3 e6 3. d4 Bb4 4. e3 O-O 5. Bd2 c5 6. a3 Bxc3 7. Bxc3 Ne4 8. Ne2 Qh4 9. g3 Qf6 10. f4 Nxc3 11. Nxc3 cxd4 12. Qxd4 Qxd4 13. exd4 Nc6 14.
O-O-O b6 15. Bg2 Bb7 16. b3 Na5 17. Bxb7 Nxb7 18. d5 Rfc8 19. Rhe1 Kf8 20. Kb2 Nc5 21. g4 Rab8 22. Nb5 a6 23. Nd6 Rc7 24. f5 b5 25.
cxb5 axb5 26. Rf1 f6 27. g5 e5 28. g6 Ke7 29. Nxb5 Rcb7 30. a4 hxg6 31. fxg6 Ne4 32. d6+ Ke6 33. Nc7+ Rxc7 34. dxc7 Rc8 35. Rc1 d5 36. a5 Kd6 37. a6 Nc5 38. a7 Nd3+ 39. Kb1 Nxc1 40. Rxc1 Kd7 41. h4 e4 42. h5 e3 43.
a8=Q Rxa8 44. c8=Q+ Rxc8 45. Rxc8 d4 46. Kc2 Kxc8 47. h6 1-0

[Event "Early-Titled-Tuesday-Blitz-October-24-2023"]
[Site "Chess.com"]
[Date "2023.10.24"]
[Round "2"]
[White "Barmen_EV"]
[Black "BeautiFullMindChess"]
[Result "1-0"]
[WhiteElo "2507"]
[BlackElo "2259"]
[TimeControl "180+1"]
[EndTime "8:16:49 PDT"]
[Termination "Barmen_EV won on time"]

1. e4 d5 2. exd5 Qxd5 3. Nc3 Qa5 4. d4 Nf6 5. Nf3 Bf5 6. Bc4 e6 7. Ne5 c6 8. g4 Be4 9. f3 Bd5 10. Bd3 Nbd7 11. Nxd7 Nxd7 12. O-O Bd6 13. Ne2 c5 14. c4 Bc6 15. d5 exd5 16. cxd5 Bb5 17. Bxb5 Qxb5 18. Nc3 Qb6 19. Re1+ Kf8 20. Qb3 c4+ 21.
Qxb6 Nxb6 22. Be3 Bb4 23. Rad1 Bxc3 24. Bc5+ Kg8 25. bxc3 Nd7 26. Ba3 h5 27. Re7 Rd8 28.
g5 h4 29. Bd6 Kh7 30. Bc7 Kg6 31. Bxd8 Rxd8 32. d6 b5 33. f4 a6 34. Kf2 Kf5 35. Kf3 Kg6 36. Rd5 f6 37. gxf6 Nxf6 38. Rg5+ Kh6 39. Rexg7 Rxd6 40. R5g6+ Kh5 41. f5 Rd3+ 42.
Kf4 Nd5+ 43. Ke5 1-0

[Event "Early-Titled-Tuesday-Blitz-October-24-2023"]
[Site "Chess.com"]
[Date "2023.10.24"]
[Round "2"]
[White "AvitalBor"]
[Black "Aleksandar-Topalov"]
[Result "1-0"]
[WhiteElo "2840"]
[BlackElo "2399"]
[TimeControl "180+1"]
[EndTime "8:16:50 PDT"]
[Termination "AvitalBor won by checkmate"]

1. e4 e6 2. Qe2 c5 3. g3 Nc6 4.
Bg2 Be7 5. Nf3 d5 6. exd5 exd5 7. O-O Nf6 8. d4 O-O 9. dxc5 Bxc5 10. Bg5 h6 11. Bh4 Re8 12. Qd2 Ne4 13. Bxd8 Nxd2 14. Nfxd2 Rxd8 15. Nb3 Bb6 16. Nc3 Be6 17. Rad1 d4 18.
Ne2 Rac8 19. Bxc6 Rxc6 20. Nexd4 Bxd4 21. Rxd4 Rdc8 22. c3 b6 23. Rfd1 a5 24. Nc1 b5 25.
a3 Rc4 26. f3 Kh7 27. Kf2 b4 28. axb4 axb4 29. Rxc4 Rxc4 30. Ne2 bxc3 31. bxc3 Rc5 32. Rc1 Bc4 33. Nd4 Ra5 34. Rc2 Ra1 35. g4 g5 36. Nc6 Rf1+ 37. Kg2 Re1 38. Nd4 Bd3 39. Rd2 Bc4 40. Nf5 Kg6 41. Rd6+ f6 42. Rd7 Re2+ 43. Kg3 h5 44. Rg7# 1-0

[Event "Early-Titled-Tuesday-Blitz-October-24-2023"]
[Site "Chess.com"]
[Date "2023.10.24"]
[Round "2"]
[White "Casper"]
[Black "attack2mateU"]
[Result "0-1"]
[WhiteElo "2434"]
[BlackElo "2724"]
[TimeControl "180+1"]
[EndTime "8:16:51 PDT"]
[Termination "attack2mateU won by checkmate"]

1. e4 c5 2. d4 cxd4 3. Qxd4 Nc6 4. Qe3 Nf6 5. Nc3 e6 6. Bd2 Be7 7. O-O-O d5 8. exd5 exd5 9. Qg3 d4 10. Nb5 Ne4 11. Qxg7 Bf6 12. Qh6 Nxd2 13. Qxd2 a6 14. Qe1+ Kf8 15. Nc3 Bf5 16. Bc4 Rc8 17. Nd5 Na5 18.
Qb4+ Kg7 19. Nxf6 Rxc4 20. Nh5+ Kh6 21. Qd2+ Kxh5 22. c3 Qg5 23. f4 dxc3 24. Qe2+ Qg4 25. Nf3 cxb2+ 26. Kxb2 Rc2+ 27. Qxc2 Bxc2 28. Kxc2 Rc8+ 29.
Kb2 Nc4+ 30. Ka1 Qg7+ 31. Nd4 Rd8 32. h3 Rxd4 33. g3 Rxd1# 0-1

[Event "Early-Titled-Tuesday-Blitz-October-24-2023"]
[Site "Chess.com"]
[Date "2023.10.24"]
[Round "2"]
[White "Aygehovit1992"]
[Black "UmarovSabir"]
[Result "1-0"]
[WhiteElo "2661"]
[BlackElo "2309"]
[TimeControl "180+1"]
[EndTime "8:16:52 PDT"]
[Termination "Aygehovit1992 won on time"]

1. e4 c6 2. d4 g6 3. Nc3 Bg7 4.
f4 d5 5. e5 f6 6. Be3 Nh6 7. Qd2 Ng4 8. O-O-O O-O 9. Nf3 Bh6 10.
g3 Nxe3 11. Qxe3 Bg4 12. Be2 Bxf3 13. Bxf3 fxe5 14. dxe5 Nd7 15. h4 Qb6 16. Qe2 e6 17. Kb1 a5 18. h5 g5 19. Ne4 gxf4 20. gxf4 dxe4 21. Bxe4 Nc5 22. Rh3 Rxf4 23. Bxh7+ Kxh7 24. Qg2 Rg8 25. Rg3 Rxg3 26. Qxg3 1-0

[Event "Early-Titled-Tuesday-Blitz-October-24-2023"]
[Site "Chess.com"]
[Date "2023.10.24"]
[Round "2"]
[White "AndresDelgado77"]
[Black "Kostya0705"]
[Result "1-0"]
[WhiteElo "2364"]
[BlackElo "2619"]
[TimeControl "180+1"]
[EndTime "8:16:52 PDT"]
[Termination "AndresDelgado77 won by checkmate"]

1. e4 c5 2. Nf3 e6 3. c3 d5 4. e5 d4 5. cxd4 cxd4 6. Bb5+ Bd7 7. Nxd4 Qg5 8. Bxd7+ Nxd7 9. Nf3 Qxg2 10. Rg1 Qh3 11. Nc3 Qf5 12. Rg5 Qd3 13. Qe2 Qxe2+ 14. Kxe2 h6 15. Rg3 Ne7 16. Nb5 Nd5 17. d4 a6 18.
Nc3 Nxc3+ 19. bxc3 Rc8 20. Nd2 g6 21. a4 b6 22. Rb1 Be7 23. Ne4 O-O 24. Bxh6 Rfd8 25. Bg5 Bxg5 26. Nxg5 Rc4 27. Rf3 Rf8 28. Rb4 Rc6 29.
Ne4 a5 30. Rb3 Kg7 31. h3 Rfc8 32. Nd6 Rf8 33. Kd3 f6 34. exf6+ Nxf6 35. Ne4 Nd7 36. Rxf8 Kxf8 37. c4 Ke7 38. f4 Rc8 39. Ng5 Rc6 40.
Rb2 Kf6 41. Re2 Kf5 42. h4 Nf8 43. d5 exd5 44. cxd5 Rd6 45. Kd4 Kxf4 46. Rf2+ Kg4 47. Rxf8 Kxh4 48. Ne4 Rd7 49. d6 g5 50. Kd5 g4 51. Rh8+ Rh7 52. Rxh7# 1-0

[Event "Early-Titled-Tuesday-Blitz-October-24-2023"]
[Site "Chess.com"]
[Date "2023.10.24"]
[Round "2"]
[White "ellatambien"]
[Black "AryanTari"]
[Result "1-0"]
[WhiteElo "2608"]
[BlackElo "2932"]
[TimeControl "180+1"]
[EndTime "8:16:53 PDT"]
[Termination "ellatambien won by resignation"]

1. c4 e6 2. g3 d5 3. Bg2 Nf6 4. Nf3 dxc4 5. Qa4+ Bd7 6. Qxc4 c5 7. Ne5 Qc8 8. b3 Nc6 9. Nxd7 Qxd7 10. Bb2 Rc8 11. O-O Be7 12. Rd1 O-O 13. Nc3 Rfd8 14. Rac1 a6 15. Ne4 Nd4 16. Nxf6+ Bxf6 17. Bxd4 Bxd4 18.
e3 Bf6 19. Rc2 h5 20. h4 b5 21. Qe4 g6 22. Bf3 Kg7 23. Kg2 Qd3 24. Qxd3 Rxd3 25.
Bb7 Rb8 26. Be4 Rd6 27. Rxc5 Be7 28. Rc2 f5 29. Bf3 e5 30. d4 Bf6 31. dxe5 Bxe5 32.
Rxd6 Bxd6 33. Rc6 Be5 34. Rxa6 b4 35. Ra7+ Kh6 36. Bd5 Rd8 37. Bc4 Rd2 38. a4 bxa3 39. Rxa3 Kg7 40. Ra7+ Kh6 41. Re7 Bc3 42. Bg8 Bg7 43. Rb7 Rd8 44. Bf7 Rd6 45. b4 Bc3 46.
b5 Be1 47. Bg8 g5 48. hxg5+ Kxg5 49. f4+ Kf6 50. Kf3 Rd2 51. e4 fxe4+ 52. Kxe4 Bxg3 53.
Bc4 h4 54. Rh7 Kg6 55. Rh8 Kg7 56. Rg8+ Kh7 57. Rg5 Rb2 58. Kf3 Be1 59. Re5 Bg3 60. Re2 Rb1 61. Bd3+ 1-0

[Event "Early-Titled-Tuesday-Blitz-October-24-2023"]
[Site "Chess.com"]
[Date "2023.10.24"]
[Round "2"]
[White "matenitian"]
[Black "Nitzan_Steinberg"]
[Result "0-1"]
[WhiteElo "2576"]
[BlackElo "2876"]
[TimeControl "180+1"]
[EndTime "8:16:53 PDT"]
[Termination "Nitzan_Steinberg won by resignation"]

1. e4 c5 2. Nc3 Nc6 3. g3 g6 4. Bg2 Bg7 5. d3 e6 6. Be3 d6 7. Qd2 h5 8. Nf3 Nd4 9. Bg5 Qa5 10. O-O Bd7 11. a3 Rc8 12. Rae1 Qc7 13. Nd1 Ne7 14. Nh4 f6 15. Be3 g5 16. Nf3 Nxf3+ 17. Bxf3 h4 18. Bg4 e5 19. Qe2 Ng6 20. Nc3 Bxg4 21. Qxg4 Qd7 22.
Qxd7+ Kxd7 23. Nd5 Rh7 24. g4 h3 25. f3 Ke6 26. c3 Bf8 27. Rd1 Ne7 28. Nxe7 Bxe7 29.
Kf2 d5 30. exd5+ Kxd5 31. Rd2 Bd6 32. Rfd1 Rhc7 33. Re2 b5 34. Bc1 a5 35. Re4 Ke6 36. c4 Rb7 37. Kg3 Rh8 38. Rde1 Be7 39. Rd1 Kd7 40.
Rde1 Kc6 41. Rd1 a4 42. Rde1 Rd7 43. Rd1 Rhd8 44. cxb5+ Kxb5 45. Re3 Rh8 46. Re4 Rd4 47. Rxd4 exd4 48. Bd2 Bd6+ 49. Kf2 Bxh2 50. Rh1 Bd6 51.
Be1 h2 52. Bd2 Re8 53. f4 gxf4 54. Rxh2 f3 55. Rh6 Re2+ 56. Kxf3 Rxd2 57. Rxf6 Kc6 58. g5 Rxd3+ 59. Ke4 Re3+ 60. Kf5 d3 0-1

[Event "Early-Titled-Tuesday-Blitz-October-24-2023"]
[Site "Chess.com"]
[Date "2023.10.24"]
[Round "2"]
[White "Mikhail_Golubev"]
[Black "I_am_Javi"]
[Result "0-1"]
[WhiteElo "2533"]
[BlackElo "2798"]
[TimeControl "180+1"]
[EndTime "8:16:53 PDT"]
[Termination "I_am_Javi won by checkmate"]

1. e4 e5 2. Nf3 Nc6 3. Bc4 g6 4. d4 exd4 5. Bg5 Be7 6. h4 h6 7. Bf4 Nf6 8. e5 Nh5 9. Bh2 d5 10. Bb5 Bg4 11. Bxc6+ bxc6 12. Qxd4 Bxf3 13. gxf3 O-O 14.
Nc3 Ng7 15. h5 Nxh5 16. O-O-O Ng7 17. Qa4 Qe8 18. Bf4 h5 19. Rdg1 Rb8 20. Qxa7 Qd7 21. Qe3 d4 22. Qd3 c5 23. Bh6 Qe6 24. Ne4 Qxa2 25. Nf6+ Bxf6 26. exf6 c4 27. Rxg6 Qxb2+ 28. Kd2 cxd3 29. Rxg7+ Kh8 30. Kxd3 Qc3+ 31. Ke4 Qxc2+ 32.
Kf4 Rb5 33. Bg5 Qf5+ 34. Kg3 Qxg5+ 35. Rxg5 Rxg5+ 36. Kf4 Rd5 37. Ke4 Rfd8 38. f4 c5 39.
f5 d3 40. Rxh5+ Kg8 41. Rg5+ Kf8 42. Rh5 Rd4+ 43. Ke5 R8d5# 0-1

[Event "Early-Titled-Tuesday-Blitz-October-24-2023"]
[Site "Chess.com"]
[Date "2023.10.24"]
[Round "2"]
[White "AlmasRakhmatullaev"]
[Black "jaskol95"]
[Result "1-0"]
[WhiteElo "2823"]
[BlackElo "2559"]
[TimeControl "180+1"]
[EndTime "8:16:54 PDT"]
[Termination "AlmasRakhmatullaev won on time"]

1. e4 d5 2. exd5 Nf6 3. Bb5+ Nbd7 4. Nc3 a6 5. Be2 Nb6 6. Nf3 Nbxd5 7. O-O Nxc3 8. bxc3 g6 9. c4 Bg7 10. Bb2 O-O 11.
Rb1 b6 12. Ne5 Bb7 13. d4 Nd7 14. f4 Nxe5 15. fxe5 c5 16. d5 e6 17. Bf3 Qh4 18.
Qe2 Rad8 19. Rbd1 Qe7 20. a4 Qd7 21. a5 bxa5 22. Qe3 Qa4 23. dxe6 Rxd1 24. exf7+ Rxf7 25. Rxd1 Bxf3 26. gxf3 Qxc2 27. Rd2 Qf5 28. e6 Re7 29. Rd8+ Bf8 30. Qc3 Qg5+ 31. Kf1 Re8 32. Rxe8 1-0

[Event "Early-Titled-Tuesday-Blitz-October-24-2023"]
[Site "Chess.com"]
[Date "2023.10.24"]
[Round "2"]
[White "GiorgianBarbosa"]
[Black "JimDiGrease"]
[Result "0-1"]
[WhiteElo "2401"]
[BlackElo "2875"]
[TimeControl "180+1"]
[EndTime "8:16:54 PDT"]
[Termination "JimDiGrease won on time"]

1. d4 d5 2. c4 e6 3. Nc3 c6 4.
Nf3 Nf6 5. Bg5 dxc4 6. e3 b5 7. Be2 Bb7 8. O-O Nbd7 9. a4 a6 10. Qc2 Be7 11. e4 O-O 12. e5 Nd5 13. Ne4 h6 14. Bxe7 Qxe7 15. Nd6 Rab8 16. axb5 cxb5 17. b3 cxb3 18. Qxb3 N7b6 19. Rfc1 Nc8 20. Nxb7 Qxb7 21. Nd2 Nce7 22. Ne4 Nf5 23. Qb2 Rfd8 24. Bf3 Nh4 25.
Nc5 Nxf3+ 26. gxf3 Qe7 27. Kh1 Qh4 28. Rg1 Qf4 29.
Rg3 Ne7 30. Rag1 Nf5 31. Rh3 Rxd4 32. Ne4 Qxe5 33. Qc1 Kf8 34. Rh4 Nxh4 0-1

[Event "Early-Titled-Tuesday-Blitz-October-24-2023"]
[Site "Chess.com"]
[Date "2023.10.24"]
[Round "2"]
[White "Predator0608"]
[Black "alacritous"]
[Result "1-0"]
[WhiteElo "2504"]
[BlackElo "2251"]
[TimeControl "180+1"]
[EndTime "8:16:54 PDT"]
[Termination "Predator0608 won on time"]

1. e4 d6 2. d4 Nf6 3. Nc3 e5 4. Nf3 Nbd7 5. Bc4 Be7 6. O-O O-O 7. a4 a5 8. Re1 c6 9. Be3 Ng4 10. h3 Nxe3 11. fxe3 Qc7 12. Rf1 Kh8 13. Qe1 f5 14.
dxe5 Nxe5 15. Nxe5 dxe5 16. Qg3 Bc5 17. Kh1 f4 18. exf4 exf4 19. Qg5 Be7 20. Qh5 g6 21. Qh6 Bd7 22. Rad1 Rad8 23. Ne2 Qe5 24. Nxf4 Qg5 25. Qxg5 Bxg5 26. Nd3 Bc8 27. Ne5 Kg7 28. Rxd8 Rxd8 29. Rf7+ Kh6 30. Rf1 Rd2 31. Nf7+ Kh5 32. Bd3 Be7 33.
e5 Kh4 34. Nd6 Be6 35. Ne4 Rxd3 36. cxd3 g5 37. Nf6 h5 38. Kh2 g4 39. g3+ Kg5 40. h4+ Kg6 41. Ne4 Bf5 42. Kg2 b5 43.
Kf2 bxa4 44. Ra1 c5 45. Rxa4 Bd8 46. Nxc5 Bb6 47. d4 Bd7 48. Nxd7 1-0

[Event "Early-Titled-Tuesday-Blitz-October-24-2023"]
[Site "Chess.com"]
[Date "2023.10.24"]
[Round "2"]
[White "OLDTERMINATOR"]
[Black "Happy1712Drummer"]
[Result "0-1"]
[WhiteElo "1698"]
[BlackElo "2405"]
[TimeControl "180+1"]
[EndTime "8:16:54 PDT"]
[Termination "Happy1712Drummer won on time"]

1. e4 c5 2. Nf3 Nc6 3. d4 cxd4 4. Nxd4 Nf6 5. Nc3 e5 6. Ndb5 d6 7. Bg5 a6 8. Na3 b5 9. Nd5 Be7 10. Bxf6 Bxf6 11. c3 Rb8 12. Nc2 Bg5 13. a4 bxa4 14.
Rxa4 Rxb2 15. Bxa6 O-O 16. O-O f5 17. exf5 Bxf5 18.
Bd3 Ne7 19. Nxe7+ Qxe7 20. Bxf5 Rxf5 21. Qd5+ Kh8 22. Ra8+ Rf8 23. Ne3 Bxe3 24. fxe3 Rbb8 25. Rxf8+ Rxf8 26. Rxf8+ Qxf8 27. c4 h6 28. h3 Qb8 29.
e4 Qb6+ 30. Kh2 Kh7 0-1

[Event "Early-Titled-Tuesday-Blitz-October-24-2023"]
[Site "Chess.com"]
[Date "2023.10.24"]
[Round "2"]
[White "amanmuhammethommadov"]
[Black "KVAIDAN"]
[Result "1-0"]
[WhiteElo "2697"]
[BlackElo "2373"]
[TimeControl "180+1"]
[EndTime "8:16:55 PDT"]
[Termination "amanmuhammethommadov won by checkmate"]

1. e4 e5 2. Nf3 d5 3. Nxe5 Bd6 4.
d4 dxe4 5. Bc4 Bxe5 6. Qh5 Qe7 7.
Qxe5 Qxe5 8. dxe5 Nc6 9. Nc3 Bf5 10. Bf4 Nge7 11. O-O-O Ng6 12. Bg3 Ngxe5 13. Bb3 O-O 14. Nd5 Ng6 15. Nxc7 Rfc8 16. Nb5 Bg4 17. Rd2 Na5 18.
Nd6 Nxb3+ 19. axb3 Rc6 20. Nxe4 a5 21. Nc3 Be6 22.
Rhd1 f5 23. Rd8+ Rxd8 24. Rxd8+ Kf7 25. Bd6 Nh4 26. g3 Nf3 27. h4 g6 28. Bf4 Ke7 29. Rd3 Nh2 30. Nb5 Ng4 31. f3 Nh2 32. Nd4 Rc8 33.
Rd2 Nf1 34. Rf2 Bd5 35. Rxf1 b5 36. Re1+ Kf7 37. c3 a4 38. bxa4 bxa4 39. Kd2 Ra8 40.
Ra1 Ra6 41. Re1 a3 42. bxa3 Rxa3 43. Re5 Bc4 44. Rc5 Ra2+ 45. Ke3 Bf1 46. Rc7+ Kg8 47. Be5 Ra1 48. Kf4 Ra5 49. Rg7+ Kf8 50. Ne6+ Ke8 51. Bd6 Ra4+ 52. Kg5 Ra6 53. Re7# 1-0

[Event "Early-Titled-Tuesday-Blitz-October-24-2023"]
[Site "Chess.com"]
[Date "2023.10.24"]
[Round "2"]
[White "NovikovaGalina"]
[Black "familijatop71"]
[Result "1-0"]
[WhiteElo "2441"]
[BlackElo "2139"]
[TimeControl "180+1"]
[EndTime "8:16:55 PDT"]
[Termination "NovikovaGalina won on time"]

1. d4 Nf6 2. Nc3 d5 3. Bf4 c5 4. e4 Nxe4 5. Nxe4 dxe4 6. d5 Nd7 7. Qd2 Nf6 8. O-O-O Qb6 9. f3 Bd7 10. g4 h6 11. h4 exf3 12. Nxf3 O-O-O 13. g5 hxg5 14.
Nxg5 Be8 15. Bh3+ e6 16. dxe6 Rxd2 17. Rxd2 Rxh4 18. exf7+ Rxh3 19. fxe8=Q+ Nxe8 20. Rxh3 Be7 21. Re3 Qf6 22. Ne6 b6 23. Bg5 Qf1+ 24. Rd1 Qf2 25.
Red3 Bxg5+ 26. Nxg5 Qf4+ 27. Kb1 Qxg5 28. a3 Nf6 29.
R3d2 Ne4 30. Re2 Qf4 31. Rde1 Ng3 32. Re7 g5 33. Rg7 1-0